 Dungeon Crawl Stone Soup version 0.22-a0-389-g8519d86 (webtiles) character file.

240 JeffiDaFish the Grave Robber (level 5, -2/34 HPs)
             Began as a Draconian Necromancer on Apr 30, 2018.
             Slain by an orc
             ... wielding a +0 trident
              (7 damage)
             ... on level 3 of the Dungeon.
             The game lasted 00:09:10 (5041 turns).

JeffiDaFish the Grave Robber (DrNe)                 Turns: 5041, Time: 00:09:11

Health: -2/34      AC:  7    Str: 10    XL:     5   Next: 80%
Magic:  0/11       EV: 12    Int: 16    God:
Gold:   79         SH:  0    Dex: 10    Spells: 5/12 levels left

rFire    . . .     SeeInvis .   c - +1 dagger
rCold    . . .     Gourm    .   (no shield)
rNeg     . . .     Faith    .   (armour unavailable)
rPois    .         Spirit   .   (helmet restricted)
rElec    .         Reflect  .   (no cloak)
rCorr    .         Harm     .   (no gloves)
MR       .....                  i - +0 pair of boots
Stlth    ++........             (no amulet)
HPRegen  0.11/turn              d - +1 ring of protection
MPRegen  0.12/turn              (no ring)

@: no status effects
A: unfitting armour, stinger 1, clumsy 1, frail 1, wild magic 1, cold-blooded,
AC +5
a: no special abilities


You were on level 3 of the Dungeon.
You were not hungry.

You visited 1 branch of the dungeon, and saw 3 of its levels.

You collected 79 gold pieces.

Inventory:

Hand Weapons
 c - a +1 dagger (weapon)
Armour
 i - a +0 pair of boots (worn)
Jewellery
 d - a +1 ring of protection (left hand)
Scrolls
 f - a scroll of identify
 j - a scroll of amnesia
Potions
 g - a potion of lignification
Comestibles
 b - 6 rations
 h - a chunk of flesh


   Skills:
 - Level 2.0 Dodging
 - Level 1.7 Stealth
 + Level 4.1 Spellcasting
 + Level 5.7 Necromancy


You had 5 spell levels left.
You knew the following spells:

 Your Spells              Type           Power        Failure   Level  Hunger
a - Pain                  Necr           ####         3%          1    None
b - Vampiric Draining     Necr           ####......   8%          3    ###....
c - Regeneration          Chrm/Necr      ###.......   22%         3    ###....


Dungeon Overview and Level Annotations

Branches:
Dungeon (3/15)

Altars:
Ru


Innate Abilities, Weirdness & Mutations

Your plain brown scales are hard. (AC +5)
You cannot fit into any form of body armour.
You are cold-blooded and may be slowed by cold attacks.
Your tail ends in a poisonous barb.
You are clumsy. (Dex -2)
You are frail. (-10% HP)
Your spells are a little harder to cast, but a little more powerful.


Message History

The orc barely misses you. The giant cockroach closely misses you.
The orc closely misses you. The orc wizard closely misses you.
Casting: Pain (safe; 3% risk of failure)
Confirm with . or Enter, or press ? or * to list all spells.
Aiming: Pain (safe; 3% risk of failure)
Press: ? - help, Shift-Dir - straight line, f/p - orc wizard
Aim: an orc wizard, wielding a dagger and wearing a robe (moderately wounded, fast, chance to defeat MR: 84%)
The orc wizard writhes in agony!
The giant cockroach bites you but does no damage.
The orc closely misses you. x2; The orc wizard barely misses you.
You hit the orc wizard but do no damage.
You tail-slap the orc wizard, but do no damage.
The orc wizard is severely wounded.
You kill the orc!
The giant cockroach misses you.
The orc wizard points at you and mumbles some strange words.
The magic dart hits you!
* * * LOW HITPOINT WARNING * * *
The orc hits you from afar with a trident!
You die...

..#####.#.## .#
#.....<....###.####
#.....<...........#
#............#.##.###
#.....?.###..#.##.#.
#.......###..#......
#.............# .#
#........##...###)#
#!.......##....s@o#
########.##...o####
###..# ....# ####.#
... #.## ..# ..


You could see an orc wizard, an orc and a giant cockroach.

Vanquished Creatures
  An ice beast (D:2)
  A centaur skeleton (D:2)
  5 adders
  4 dart slugs
  A worm (D:2)
  A leopard gecko (D:2)
  An orc (D:3)
  10 bats
  A giant cockroach (D:1)
  6 hobgoblins
  9 jackals
  A ball python (D:2)
  5 frilled lizards
  7 goblins
  8 kobolds
  A quokka skeleton (D:3)
  3 rats (D:1)
65 creatures vanquished.

Notes
Turn   | Place    | Note
-------+----------+-------------------------------------------
     0 | D:1      | JeffiDaFish the Draconian Necromancer began the quest for the Orb.
     0 | D:1      | Reached XP level 1. HP: 14/14 MP: 3/3
   249 | D:1      | Reached XP level 2. HP: 8/20 MP: 0/5
  1549 | D:1      | Gained mutation: You are frail. (-10% HP) [potion of mutation]
  1549 | D:1      | Gained mutation: You are clumsy. (Dex -2) [potion of mutation]
  1549 | D:1      | Gained mutation: Your spells are a little harder to cast, but a little more powerful. [potion of mutation]
  1549 | D:1      | Gained mutation: Your tail ends in a poisonous barb. [potion of mutation]
  2225 | D:2      | Reached XP level 3. HP: 23/23 MP: 4/6
  2339 | D:2      | Learned a level 3 spell: Vampiric Draining
  2343 | D:2      | Learned a level 3 spell: Regeneration
  3695 | D:2      | Reached XP level 4. HP: 28/29 MP: 5/8
  4209 | D:2      | Reached skill level 5 in Necromancy
  4614 | D:2      | Found a sacrificial altar of Ru.
  4754 | D:2      | Noticed an ice beast
  4766 | D:2      | Killed an ice beast
  4766 | D:2      | Reached XP level 5. HP: 28/34 MP: 1/11
  5041 | D:3      | Slain by an orc

Vault maps used:
D:1:      minmay_arrival_jagged
D:2:      lemuel_upstairs_altar, nicolae_overflow_crystal_walls,
          grunt_ministairs_13
D:3:      minmay_misc_feat_alley, uniq_grinder

Skill      XL: |  1  2  3  4 |
---------------+-------------+-----
Dodging        | 2 |  2.0
Spellcasting   | 3 4 |  4.1
Necromancy     | 5 |  5.7
Stealth        | |  1.7

Action                   |  1- 3 |  4- 6 || total
-------------------------+-------+-------++-------
Melee: Unarmed           |    13 |       ||    13
       Tailslap          |     3 |     6 ||     9
       Dagger            |    43 |    39 ||    82
 Cast: Pain              |    79 |    34 ||   113
       Vampiric Draining |       |     2 ||     2
  Use: Scroll            |     4 |     3 ||     7
       Potion            |     4 |     3 ||     7
  Eat: Chunk             |     6 |     4 ||    10
       Ration            |     1 |       ||     1
Armor: Skin              |    13 |    29 ||    42
Dodge: Dodged            |    61 |    53 ||   114

Table legend:
 A = Spawn XP
 B = Non-spawn XP
 C = Spawn XP percentage of total XP
 D = Spawn monster count
 E = Non-spawn monster count
 F = Spawn count percentage of total count
 G = Total turns spent on level
                    A         B        C        D         E        F      G
               +---------+---------+-------+---------+---------+-------+---------
         Total |       0 |     344 |   0.0 |       0 |      65 |   0.0 |  5041
               +---------+---------+-------+---------+---------+-------+---------
           D:1 |       0 |      39 |   0.0 |       0 |      23 |   0.0 |  2224
           D:2 |       0 |     259 |   0.0 |       0 |      35 |   0.0 |  2745
           D:3 |       0 |      46 |   0.0 |       0 |       7 |   0.0 |    72
               +---------+---------+-------+---------+---------+-------+---------
